Map: Backwater LE

Players

axu - Winner!

  • Race: Protoss Protoss
  • League: Platinum
  • Spawn Location: 5:00

Akatosh

  • Race: Zerg Zerg
  • League: Platinum
  • Spawn Location: 11:00

VOD

Have the link to the VOD?

Description

Time

  • Played on: March 30, 2018, 10:45 a.m.
  • Length: 15:06
Show
View Real Time Build Order
Export as new Build Order

axu Protoss - Winner!

Build Orders: 1 Gate Expand, Oracle Opening 

Get SALT Encoding   

  12  0:00  Probe  
  14  0:14  Probe  
  14  0:22  Pylon  
  14  0:26  Probe  
  15  0:40  Probe  
  16  0:45  Gateway  
  16  0:52  Probe (Chrono Boost)  
  17  0:58  Assimilator  
  17  1:04  Probe (Chrono Boost)  
  18  1:13  Probe (Chrono Boost)  
  19  1:21  Probe  
  20  1:35  Nexus  
  20  1:39  Probe  
  21  1:45  Cybernetics Core  
  21  1:52  Probe  
  22  1:58  Assimilator  
  22  2:01  Pylon  
  22  2:04  Probe  
  23  2:19  Probe  
  24  2:23  Warp Gate  
  24  2:24  Adept  
  26  2:31  Probe  
  26  2:44  Probe  
  27  2:54  Stargate  
  27  3:00  Gateway  
  27  3:07  Probe (Chrono Boost)  
  29  3:12  Probe (Chrono Boost)  
  29  3:17  Probe (Chrono Boost)  
  31  3:20  Robotics Facility  
  31  3:21  Probe (Chrono Boost)  
  31  3:22  Probe (Chrono Boost)  
  31  3:27  Gateway  
  32  3:29  Gateway  
  32  3:31  Probe  
  32  3:34  Probe  
  34  3:41  Oracle  
  37  3:43  Probe  
  37  3:46  Probe  
  39  3:56  Probe  
  39  3:57  Twilight Council  
  39  3:58  Probe  
  41  4:08  Probe  
  42  4:10  Probe  
  42  4:12  Shield Battery  
  45  4:20  Probe  
  45  4:22  Probe  
  45  4:25  Pylon  
  45  4:28  Assimilator, Pylon  
  45  4:31  Assimilator  
  45  4:33  Probe  
  46  4:43  Probe  
  47  4:45  Probe  
  48  5:00  Probe x2  
  50  5:07  Immortal (Chrono Boost)  
  50  5:13  Adept x3  
  50  5:14  Adept  
  62  5:26  Nexus  
  62  5:30  Shield Battery  
  62  5:33  Shield Battery  
  62  5:40  Pylon  
  62  5:42  Pylon  
  62  5:54  Pylon  
  62  5:58  Immortal, Probe x2  
  62  6:02  Gateway  
  62  6:03  Gateway  
  68  6:05  Gateway  
  68  6:10  Probe  
  69  6:17  Probe  
  70  6:22  Probe  
  71  6:29  Probe  
  71  6:30  Stalker x3  
  71  6:31  Stalker  
  80  6:34  Probe  
  81  6:40  Immortal (Chrono Boost), Pylon  
  81  6:41  Probe  
  81  6:42  Pylon  
  81  6:44  Pylon  
  86  6:48  Probe x2  
  86  6:54  Probe  
  89  6:56  Templar Archives  
  89  7:00  Probe x2  
  91  7:06  Probe  
  92  7:10  Forge  
  92  7:11  Immortal (Chrono Boost), Forge  
  92  7:12  Probe x2  
  98  7:17  Charge (Chrono Boost)  
  98  7:25  Probe x3  
  98  7:28  Assimilator  
  101  7:32  Assimilator  
  101  7:33  Pylon  
  101  7:36  Pylon  
  101  7:37  Probe x3  
  101  7:39  Pylon  
  101  7:41  Immortal (Chrono Boost)  
  108  7:55  Zealot x5  
  108  7:57  High Templar  
  108  7:58  High Templar  
  122  8:02  Archon, Probe x3  
  125  8:08  Protoss Ground Armor Level 1 (Chrono Boost), Protoss Ground Weapons Level 1 (Chrono Boost)  
  125  8:14  Probe x3  
  125  8:15  Psionic Storm  
  125  8:17  Immortal (Chrono Boost)  
  132  8:23  Templar Archives  
  132  8:27  Robotics Facility  
  132  8:38  Nexus  
  132  8:42  Pylon  
  132  8:44  Pylon  
  132  8:47  Pylon  
  132  8:48  Warp Prism  
  134  9:25  Immortal  
  134  9:26  High Templar x4  
  134  9:27  High Templar x3  
  134  9:31  Archon x2  
  152  9:38  Gateway  
  152  9:39  Gateway  
  152  9:43  Gateway x2  
  146  9:48  Archon  
  138  9:59  Nexus  
  138  10:01  Assimilator  
  138  10:06  Assimilator  
  138  10:08  High Templar  
  138  10:09  Zealot, High Templar x2  
  138  10:10  Zealot x2  
  138  10:12  Pylon  
  138  10:14  Pylon  
  150  10:20  Protoss Ground Armor Level 2 (Chrono Boost), Protoss Ground Weapons Level 2 (Chrono Boost)  
  142  10:55  Zealot x4  
  142  10:56  High Templar x3  
  141  11:14  Zealot x3  
  147  11:20  Immortal  
  151  11:26  Stargate  
  151  11:28  Stargate  
  151  11:32  Fleet Beacon  
  151  11:34  High Templar x2  
  151  11:35  High Templar  
  157  11:41  Archon  
  157  11:43  Zealot  
  157  11:44  Zealot x6  
  122  12:36  Zealot x3  
  122  12:37  Zealot x3  
  128  12:57  Warp Prism  
  120  13:07  Zealot x3  
  120  13:08  Zealot x5  
  120  13:09  Zealot x2  
  140  13:28  Carrier x3  
  148  13:41  Photon Cannon  
  148  13:42  Photon Cannon  
  148  13:45  Photon Cannon  
  144  13:49  Photon Cannon  
  144  13:51  Photon Cannon  
  144  13:53  Shield Battery  
  144  13:55  Shield Battery  
  144  13:57  Zealot x3  
  144  13:58  Zealot x4, Shield Battery  
  144  13:59  Zealot x3  
  144  14:02  Shield Battery  
  164  14:21  High Templar x3  
  164  14:22  High Templar x6  
  164  14:23  High Templar  
  184  14:25  Archon  
  184  14:26  Archon  
Show
View Real Time Build Order
Export as new Build Order

Akatosh Zerg 

Build Orders: Hatch First 

Get SALT Encoding   

  12  0:01  Drone  
  13  0:12  Overlord  
  13  0:18  Drone  
  14  0:31  Drone x2  
  16  0:55  Hatchery  
  16  0:56  Drone  
  16  1:04  Drone x2  
  18  1:16  Spawning Pool  
  17  1:19  Extractor  
  17  1:20  Drone  
  17  1:24  Drone  
  18  1:34  Drone  
  19  1:42  Drone  
  20  1:54  Overlord  
  20  1:57  Extractor  
  19  2:05  Queen  
  19  2:07  Drone  
  22  2:09  Queen, Zergling x2  
  22  2:12  Zergling x2  
  26  2:22  Metabolic Boost  
  26  2:24  Zergling x2  
  26  2:25  Drone  
  28  2:39  Drone x2  
  28  2:41  Overlord  
  31  2:51  Zergling x4  
  32  3:05  Roach Warren  
  32  3:07  Lair  
  31  3:17  Drone x3  
  34  3:34  Drone x4  
  34  3:35  Drone x2  
  40  3:43  Drone  
  40  3:44  Evolution Chamber  
  40  3:49  Evolution Chamber, Drone  
  40  3:53  Drone  
  41  3:59  Overlord  
  41  4:03  Drone  
  41  4:04  Drone  
  41  4:06  Overlord  
  43  4:15  Glial Reconstitution  
  43  4:19  Drone  
  43  4:20  Hydralisk Den  
  43  4:24  Drone x2, Extractor  
  43  4:26  Roach  
  46  4:33  Zerg Missile Weapons Level 1  
  46  4:35  Zerg Ground Armor Level 1  
  46  4:40  Roach  
  46  4:42  Overlord  
  48  4:46  Drone x2  
  48  4:48  Drone  
  45  5:06  Hydralisk x3  
  51  5:10  Drone x3  
  54  5:25  Spore Crawler  
  53  5:34  Spore Crawler  
  52  5:38  Muscular Augments  
  52  5:47  Hydralisk x3  
  52  5:48  Overlord, Roach x3  
  64  5:57  Overlord x2  
  64  6:00  Drone x2  
  66  6:29  Zerg Missile Weapons Level 2  
  66  6:30  Zerg Ground Armor Level 2  
  66  6:32  Drone x2  
  68  6:34  Drone x2  
  68  6:35  Drone  
  68  6:37  Extractor  
  70  6:48  Drone x2  
  70  6:49  Drone  
  70  6:50  Overlord  
  70  6:51  Hatchery  
  70  6:53  Drone x2  
  74  7:07  Extractor  
  73  7:12  Grooved Spines  
  73  7:18  Spore Crawler  
  72  7:25  Drone x2  
  72  7:26  Spore Crawler  
  72  7:28  Queen  
  75  7:55  Roach x2, Hydralisk x6  
  75  7:56  Roach x4  
  75  7:57  Overlord x2  
  99  8:14  Drone x5  
  99  8:15  Drone  
  105  8:27  Infestation Pit  
  105  8:29  Drone x2  
  105  8:30  Drone  
  105  8:33  Drone x3  
  110  8:34  Hydralisk x2  
  110  8:35  Roach  
  116  8:55  Hydralisk  
  116  8:56  Roach, Hydralisk  
  122  9:05  Overlord x4  
  122  9:15  Hatchery  
  120  9:18  Roach, Extractor  
  121  9:30  Roach, Hydralisk x4  
  121  9:31  Roach x3  
  137  9:37  Hydralisk x2  
  137  9:38  Roach x2  
  127  9:54  Hydralisk x3  
  127  9:55  Roach x4  
  131  10:20  Hive  
  131  10:26  Drone x3  
  134  10:33  Queen  
  134  10:34  Drone x4  
  140  10:38  Roach x2, Hydralisk x3  
  140  10:39  Overlord x3, Roach  
  152  10:49  Overlord  
  150  11:11  Roach, Hydralisk x5  
  142  11:12  Roach x4  
  162  11:21  Drone x2  
  162  11:24  Drone  
  162  11:25  Drone x2  
  167  11:26  Extractor  
  166  11:34  Hydralisk  
  166  11:35  Roach x2, Hydralisk x3  
  166  11:36  Roach x2  
  186  11:41  Zerg Missile Weapons Level 3  
  186  11:44  Zerg Ground Armor Level 3  
  182  11:59  Hydralisk x2  
  182  12:00  Roach x2  
  158  12:03  Hydralisk x3  
  158  12:04  Roach x2  
  144  12:18  Hydralisk  
  144  12:19  Roach x3, Hydralisk x3  
  138  12:29  Roach, Hydralisk x3  
  142  12:30  Roach  
  130  12:37  Pneumatized Carapace  
  108  12:45  Hydralisk x4  
  108  12:46  Roach x3  
  97  13:01  Hydralisk  
  97  13:02  Roach, Hydralisk x2  
  97  13:03  Roach  
  72  13:13  Hydralisk x2  
  72  13:14  Roach  
  73  13:20  Drone x2  
  60  13:41  Hydralisk  
  60  13:42  Roach x3, Hydralisk  
  62  13:51  Hydralisk  
  62  13:52  Roach x2, Hydralisk x2  
  62  13:53  Roach x2  
  67  14:14  Spine Crawler  
  66  14:17  Hydralisk x3  
  66  14:18  Roach x2  
  76  14:35  Hatchery  
Tags
 
Add a new tag
Caveats
  • Supply blocks, unpowered buildings, or Contaminate may cause inaccurate times.
  • Supply counts are checked every 10 seconds.